 Dungeon Sprint DCSS version 0.17-a0-1197-g2d00c63 (webtiles) character file.

11527 Kidiri the Unseen (level 11, -2/65 HPs)
             Began as a Spriggan Assassin on June 2, 2015.
             Was the Champion of Dithmenos.
             Slain by Polyphemus (21 damage)
             ... in the Dungeon (Sprint VII: "The Pits").
             The game lasted 00:33:39 (3547 turns).

Kidiri the Unseen (Spriggan Assassin)               Turns: 3547, Time: 00:33:39

Health: -2/65      AC:  7    Str:  7    XL:     11   Next: 50%
Magic:  16/18      EV:  4    Int: 13    God:    Dithmenos [******]
Gold:   23         SH:  0    Dex: 24    Spells: 0 memorised, 10 levels left

rFire  . . .     SeeInvis +     s - +1 dagger (venom)
rCold  . . .     Clarity  .     c - +0 robe
rNeg   + + +     SustAt   .     (shield restricted)
rPois  ∞         Gourm    .     (helmet restricted)
rElec  .         Spirit   .     d - +0 cloak
rCorr  .         Warding  .     (gloves unavailable)
rMut   .         NoTele   +     (boots unavailable)
MR     +....                    (no amulet)
Stlth  ++++++++++               w - +3 ring of dexterity
                                I - +4 ring of protection

@: petrified, wreathed by umbra, very quick, somewhat resistant to hostile
enchantments, uncannily stealthy
A: unfitting armour, see invisible, herbivore 3, speed 3, slow metabolism 2
a: Shadow Step, Shadow Form, Renounce Religion


You were in the Dungeon.
You worshipped Dithmenos.
Dithmenos was exalted by your worship.
You were full.

You visited 1 branch You collected 23 gold pieces.

Inventory:

Hand weapons
 a - a +2 dagger
 b - a +0 blowgun
 s - a +1 dagger of venom (weapon)
 u - a +2 dagger
 y - a +2 rapier of distortion
 A - a +0 dagger of pain
Missiles
 e - 8 tomahawks (quivered)
 f - 7 poisoned needles
 t - 2 curare-tipped needles
 H - 6 tomahawks of returning
Armour
 c - a +0 robe (worn)
 d - a +0 cloak (worn)
Jewellery
 v - a +3 ring of intelligence
 w - a +3 ring of dexterity (right hand)
 I - a +4 ring of protection (left hand)
 L - an uncursed ring of protection from cold
 M - an uncursed ring of poison resistance
Scrolls
 p - 4 scrolls of remove curse
 q - 5 scrolls of amnesia
 r - a scroll of summoning
 x - 2 scrolls of enchant armour
 C - 3 scrolls of blinking
 E - 3 scrolls of identify
 F - a scroll of fear
 G - a scroll of recharging
 J - a scroll of silence
 K - a scroll of holy word
Potions
 h - 6 potions of curing
 i - 7 potions of heal wounds
 j - a potion of haste
 k - 4 potions of magic
 l - 4 potions of berserk rage
 m - 3 potions of might
 o - a potion of invisibility
 z - a potion of brilliance
 B - 4 potions of cure mutation
 D - 2 potions of resistance
Comestibles
 g - 7 bread rations
 n - 40 fruits


   Skills:
 * Level 11.3 Fighting
 + Level 10.3 Short Blades
 * Level 14.0 Throwing
 * Level 17.4 Dodging
 * Level 19.4 Stealth
 + Level 8.9 Invocations


You had 10 spell levels left.
You didn't know any spells.

Dungeon Overview and Level Annotations

Branches:
Dungeon (1/1)

Altars:
Ashenzari
Cheibriados
Dithmenos
Elyvilon
Fedhas
Gozag
Kikubaaqudgha
Makhleb
Nemelex Xobeh
Okawaru
Qazlal
Ru
Sif Muna
Trog
Vehumet
Xom
Yredelemnul
Zin
The Shining One
Beogh
Jiyva
Lugonu

Annotations:
D Polyphemus


Innate Abilities, Weirdness & Mutations

You are tiny and cannot use many weapons and most armour.
You have supernaturally acute eyesight.
You are a herbivore.
You cover ground extremely quickly.
You need consume almost no food.


Message History

The bat simulacrum closely misses you. x2
The blink frog hits you but does no damage.
Polyphemus shouts, "Attack, my pets!
Attack!"
You hear a shout!
You hear a croak.
The bat simulacrum hits you but does no damage. x2
The blink frog hits you!
The blink frog blinks!
The bat simulacrum hits you but does no damage.
You hear a shout!
A minotaur comes into view. It is wielding a vampiric halberd.
You hear a shout!
You hear a loud, deep croak!
You hear a hideous shriek!
The merfolk impaler shouts!
The bat simulacrum barely misses you.
The bat simulacrum hits you but does no damage.
Polyphemus hits you but does no damage. Polyphemus hits you!!
The bat simulacrum hits you. The bat simulacrum freezes you.
The bat simulacrum hits you but does no damage. x2
The minotaur hits you from afar with a vampiric halberd.
* * * LOW HITPOINT WARNING * * *
The blink frog blinks!
Polyphemus hits you!!!
You die...

######################
#....................+
#...........F....§...+
#..###########@####..#
#..# #Z#C# #..# #..#
#s#l#H##..# #..# #W#2#
#S#..# #..# #N#F# ##..#
#..# #m#N# #..#
#..################..#
###....................#
_##....................#


You could see Polyphemus, an emperor scorpion, a naga warrior, a merfolk
impaler, a minotaur, a black mamba, a blink frog, a wraith and a bat simulacrum.

Vanquished Creatures
  A death yak (D)
  A sea snake (D)
  A necromancer (D)
  An unseen horror (D)
  A hill giant (D)
  A wizard (D)
  A deep elf conjurer (D)
  2 hornets (D)
  A cyclops (D)
  A manticore (D)
  A guardian serpent (D)
  Maurice (D)
  An elephant (D)
  A black mamba (D)
  Psyche (D)
  A kobold demonologist (D)
  An orange demon (D)
  3 blink frogs (D)
  A two-headed ogre (D)
  2 blue devils (D)
  A boulder beetle (D)
  A trapdoor spider (D)
  A deep elf mage (D)
  A fire bat (D)
  Eustachio (D)
  3 deep elf fighters (D)
  7 wolves (D)
  Purgy (D)
  A sky beast (D)
  A swamp drake (D)
  A wasp (D)
  An orc warrior (D)
  A black bear (D)
  2 big kobolds (D)
  A gnoll sergeant (D)
  4 brain worms (D)
  3 wights (D)
  2 orc priests (D)
  A hound (D)
  3 orc wizards (D)
  2 worker ants (D)
  6 gnolls (D)
  An adder (D)
  A river rat (D)
  An adder zombie (D)
  2 worms (D)
  An adder simulacrum (D)
  7 orcs (D)
  2 giant cockroaches (D)
  A giant gecko zombie (D)
  A giant newt (D)
  A goblin (D)
  A jackal simulacrum (D)
  3 kobolds (D)
91 creatures vanquished.

Vanquished Creatures (others)
  A wolf (D)
1 creature vanquished.

Grand Total: 92 creatures vanquished

Notes
Turn   | Place    | Note
--------------------------------------------------------------
     0 | D        | Kidiri the Spriggan Assassin began the quest for the Orb.
     0 | D        | Reached XP level 1. HP: 10/10 MP: 2/2
    11 | D        | Noticed a brain worm
    15 | D        | Killed a brain worm
    15 | D        | Reached skill level 5 in Dodging
    15 | D        | Reached skill level 8 in Stealth
    15 | D        | Reached XP level 2. HP: 13/16 MP: 3/3
    15 | D        | Reached XP level 3. HP: 16/20 MP: 4/4
    26 | D        | Found a sacrificial altar of Ru.
    26 | D        | Found a basalt altar of Yredelemnul.
    26 | D        | Found a shadowy altar of Dithmenos.
    26 | D        | Found a deep blue altar of Sif Muna.
    26 | D        | Found a burning altar of Makhleb.
    26 | D        | Found a shimmering altar of Xom.
    26 | D        | Found an ancient bone altar of Kikubaaqudgha.
    26 | D        | Found a sparkling altar of Nemelex Xobeh.
    27 | D        | Found a glowing golden altar of the Shining One.
    27 | D        | Found a bloodstained altar of Trog.
    27 | D        | Found a shattered altar of Ashenzari.
    27 | D        | Found a white marble altar of Elyvilon.
    27 | D        | Found a snail-covered altar of Cheibriados.
    27 | D        | Found a blossoming altar of Fedhas.
    27 | D        | Found a radiant altar of Vehumet.
    27 | D        | Found a glowing silver altar of Zin.
    27 | D        | Found a corrupted altar of Lugonu.
    27 | D        | Found a viscous altar of Jiyva.
    27 | D        | Found a roughly hewn altar of Beogh.
    27 | D        | Found an iron altar of Okawaru.
    30 | D        | Became a worshipper of Dithmenos the Shadowed
    34 | D        | Found a stormy altar of Qazlal.
    34 | D        | Found an opulent altar of Gozag.
   104 | D        | Reached XP level 4. HP: 24/24 MP: 5/5
   106 | D        | Noticed a brain worm
   108 | D        | Killed a brain worm
   108 | D        | Reached skill level 5 in Throwing
   108 | D        | Reached skill level 9 in Stealth
   108 | D        | Reached XP level 5. HP: 27/29 MP: 6/6
   132 | D        | Noticed a brain worm
   151 | D        | Killed a brain worm
   151 | D        | Reached skill level 10 in Stealth
   151 | D        | Reached skill level 1 in Invocations
   187 | D        | Acquired Dithmenos's first power
   336 | D        | Noticed an orc priest
   337 | D        | Noticed a black bear
   337 | D        | Noticed a gnoll sergeant
   342 | D        | Noticed an orc warrior
   342 | D        | Noticed a brain worm
   342 | D        | Noticed a wolf
   343 | D        | Noticed an orc priest
   359 | D        | Killed a black bear
   359 | D        | Reached skill level 5 in Fighting
   359 | D        | Reached XP level 6. HP: 35/35 MP: 8/8
   478 | D        | Killed a wolf
   478 | D        | Acquired Dithmenos's second power
   478 | D        | Reached skill level 11 in Stealth
   513 | D        | Killed an orc priest
   513 | D        | Reached skill level 5 in Short Blades
   518 | D        | Killed an orc warrior
   518 | D        | Reached skill level 10 in Dodging
   518 | D        | Reached skill level 12 in Stealth
   518 | D        | Reached XP level 7. HP: 30/40 MP: 10/10
   543 | D        | Killed an orc priest
   543 | D        | Acquired Dithmenos's third power
   658 | D        | Killed a brain worm
   678 | D        | Killed a gnoll sergeant
   717 | D        | Acquired Dithmenos's fourth power
  1023 | D        | Noticed an elephant
  1025 | D        | Killed an elephant
  1025 | D        | Reached skill level 13 in Stealth
  1025 | D        | Reached XP level 8. HP: 45/45 MP: 12/12
  1027 | D        | Noticed a wight
  1027 | D        | Noticed a wight
  1027 | D        | Noticed a wight
  1029 | D        | Killed a wight
  1031 | D        | Killed a wight
  1033 | D        | Killed a wight
  1045 | D        | Noticed a wolf
  1045 | D        | Noticed a wolf
  1045 | D        | Noticed a wolf
  1045 | D        | Noticed an unseen horror
  1046 | D        | Noticed a wolf
  1088 | D        | Killed an unseen horror
  1088 | D        | Reached skill level 10 in Throwing
  1088 | D        | Reached skill level 14 in Stealth
  1088 | D        | Reached skill level 5 in Invocations
  1099 | D        | Killed a wolf
  1118 | D        | Killed a wolf
  1125 | D        | Killed a wolf
  1125 | D        | Reached XP level 9. HP: 36/51 MP: 12/14
  1140 | D        | Killed a wolf
  1140 | D        | Reached skill level 15 in Stealth
  1450 | D        | Noticed Purgy
  1450 | D        | Noticed a deep elf fighter
  1450 | D        | Noticed a deep elf conjurer
  1450 | D        | Noticed a deep elf mage
  1450 | D        | Noticed a deep elf fighter
  1450 | D        | Noticed a sky beast
  1452 | D        | Killed a deep elf conjurer
  1453 | D        | Killed a deep elf mage
  1454 | D        | Killed a deep elf fighter
  1456 | D        | Killed a deep elf fighter
  1458 | D        | Killed Purgy
  1461 | D        | Killed a sky beast
  1493 | D        | Noticed a swamp drake
  1493 | D        | Noticed a hornet
  1493 | D        | Noticed a wolf
  1493 | D        | Noticed a wolf
  1493 | D        | Noticed a wolf
  1515 | D        | Killed a wolf
  1596 | D        | Killed a swamp drake
  1596 | D        | Reached skill level 16 in Stealth
  1606 | D        | Killed a wolf
  1621 | D        | Killed a wolf
  1709 | D        | Killed a hornet
  1767 | D        | Noticed a hound
  1767 | D        | Noticed a sea snake
  1767 | D        | Noticed a manticore
  1769 | D        | Killed a manticore
  1769 | D        | Reached XP level 10. HP: 58/58 MP: 11/16
  1785 | D        | Killed a hound
  1806 | D        | Killed a sea snake
  2087 | D        | Noticed a blink frog
  2087 | D        | Noticed a blink frog
  2087 | D        | Noticed a blink frog
  2089 | D        | Killed a blink frog
  2089 | D        | Reached skill level 15 in Dodging
  2091 | D        | Killed a blink frog
  2091 | D        | Reached skill level 17 in Stealth
  2093 | D        | Killed a blink frog
  2095 | D        | Noticed a trapdoor spider
  2106 | D        | Killed a trapdoor spider
  2119 | D        | Noticed a cyclops
  2119 | D        | Noticed Maurice
  2119 | D        | Noticed Eustachio
  2119 | D        | Noticed an orc wizard
  2121 | D        | Killed a cyclops
  2122 | D        | Killed Eustachio
  2122 | D        | Reached skill level 10 in Fighting
  2124 | D        | Killed an orc wizard
  2174 | D        | Killed Maurice
  2295 | D        | Noticed an orc wizard
  2295 | D        | Noticed a big kobold
  2296 | D        | Noticed an orc wizard
  2297 | D        | Noticed a hornet
  2297 | D        | Noticed a black mamba
  2302 | D        | Noticed a kobold demonologist
  2308 | D        | Killed a hornet
  2339 | D        | Killed an orc wizard
  2350 | D        | Killed a black mamba
  2350 | D        | Reached skill level 18 in Stealth
  2520 | D        | Killed an orc wizard
  2535 | D        | Noticed a worker ant
  2537 | D        | Noticed a necromancer
  2537 | D        | Noticed a wasp
  2564 | D        | Noticed a big kobold
  2565 | D        | Noticed a blue devil
  2566 | D        | Killed a worker ant
  2567 | D        | Noticed a deep elf fighter
  2567 | D        | Noticed a worker ant
  2567 | D        | Noticed Psyche
  2568 | D        | Killed a wasp
  2572 | D        | Killed a necromancer
  2575 | D        | Killed a blue devil
  2575 | D        | Reached XP level 11. HP: 64/64 MP: 12/18
  2604 | D        | Killed a big kobold
  2627 | D        | Killed a deep elf fighter
  2661 | D        | Killed a kobold demonologist
  2674 | D        | Killed a big kobold
  2862 | D        | Noticed a death yak
  2862 | D        | Noticed a fire bat
  2863 | D        | Noticed a hill giant
  2863 | D        | Noticed a guardian serpent
  2863 | D        | Noticed a wizard
  2863 | D        | Noticed a boulder beetle
  2863 | D        | Noticed a two-headed ogre
  2864 | D        | Killed Psyche
  2865 | D        | Noticed an orange demon
  2865 | D        | Noticed a blue devil
  2866 | D        | Killed a wizard
  2918 | D        | Killed a fire bat
  2942 | D        | Killed a death yak
  2942 | D        | Reached skill level 10 in Short Blades
  3007 | D        | Killed a guardian serpent
  3007 | D        | Reached skill level 19 in Stealth
  3027 | D        | Killed an orange demon
  3069 | D        | Killed a blue devil
  3195 | D        | Killed a hill giant
  3235 | D        | Killed a two-headed ogre
  3268 | D        | Killed a worker ant
  3271 | D        | Killed a boulder beetle
  3531 | D        | Noticed a soldier ant
  3531 | D        | Noticed a blink frog
  3531 | D        | Noticed a blink frog
  3531 | D        | Noticed a blink frog
  3531 | D        | Noticed Polyphemus
  3531 | D        | Noticed a naga warrior
  3533 | D        | Noticed a basilisk
  3533 | D        | Noticed a blink frog
  3533 | D        | Noticed a blizzard demon
  3533 | D        | Noticed a naga
  3541 | D        | Noticed a wraith
  3543 | D        | Noticed an emperor scorpion
  3544 | D        | Noticed a merfolk impaler
  3544 | D        | Noticed a black mamba
  3546 | D        | Noticed a minotaur
  3547 | D        | Slain by Polyphemus

Vault maps used:
D:        pitsprint

Action                   |  1- 3 |  4- 6 |  7- 9 | 10-12 || total
-------------------------+-------+-------+-------+-------++-------
Melee: Dagger            |     2 |    40 |   109 |   296 ||   447
 Fire: Blowgun           |       |    12 |    11 |     2 ||    25
Throw: Tomahawk          |       |       |    14 |    11 ||    25
Invok: Shadow Step       |       |       |     3 |     6 ||     9
  Use: Potion            |       |     1 |     1 |     8 ||    10
       Scroll            |       |       |       |     1 ||     1
 Stab: Sleeping          |     2 |     3 |    14 |    16 ||    35
       Distracted        |       |     1 |       |       ||     1
  Eat: Bread ration      |       |       |       |     1 ||     1
